[Event "Team 45 45 League T93"]
[Site "Internet Chess Club"]
[Date "2022.08.14"]
[Round "5"]
[White "tightfist"]
[Black "ChessMaine"]
[Result "0-1"]
[WhiteElo "1403"]
[BlackElo "1445"]
[Opening "Queen's pawn game"]
[ECO "D05"]
[Time "20:04:44"]
[PlyCount "92"]
[TimeControl "2700+45"]

1. Nf3 d5 2. d4 e6 3. e3 Nf6 4. c4 Be7 5. Nc3 O-O 6. cxd5 exd5 7. Bd3 Nbd7 8.
O-O c5 9. b3 b6 10. Bb2 Bb7 11. Qe2 a6 12. Rfe1 Ne4 13. Rad1 Qc7 14. Qc2 Ndf6
15. Ne5 Rac8 16. f3 Nxc3 17. Bxc3 cxd4 18. exd4 Qxc3 19. Rc1 Qxe1+ 20. Rxe1 Rxc2
21. Bxc2 Bd6 22. Kf2 Bxe5 23. dxe5 Nd7 24. e6 fxe6 25. Rxe6 Kf7 26. Re2 g6 27.
b4 Re8 28. Rd2 Nf6 29. Ba4 Rd8 30. Rd4 Nd7 31. Bb3 Ne5 32. h3 b5 33. a4 Ke6 34.
axb5 axb5 35. f4 Nc6 36. Re4+ Kf6 37. Re2 Nd4 38. Rb2 Nxb3 39. Rxb3 d4 40. g4 d3
41. Ke1 d2+ 42. Kd1 Be4 43. Re3 Bc2+ 44. Kxc2 d1=Q+ 45. Kc3 Qd2+ 46. Kb3 Qxe3+
{White resigns} 0-1

[Event "Team 45 45 League T93"]
[Site "Internet Chess Club"]
[Date "2022.08.11"]
[Round "5"]
[White "Portola"]
[Black "VictorRed"]
[Result "0-1"]
[WhiteElo "1628"]
[BlackElo "1702"]
[Opening "Queen's pawn game"]
[ECO "D02"]
[Time "17:14:25"]
[PlyCount "170"]
[TimeControl "2700+45"]

1. d4 d5 2. Nf3 g6 3. c3 Bg7 4. Bf4 Nc6 5. e3 Nf6 6. h3 O-O 7. Bd3 Nd7 8. Nbd2
e5 9. dxe5 Ndxe5 10. Be2 Re8 11. O-O a6 12. Re1 Bf5 13. Nb3 Be4 14. Nbd4 Qd7 15.
Rc1 Rac8 16. Nh2 Nxd4 17. cxd4 Nc6 18. a3 Bf5 19. b4 Nd8 20. Qb3 c6 21. a4 b5
22. a5 Kh8 23. Qc3 Qe7 24. g4 Bd7 25. Bf3 Ne6 26. Bg3 Ng5 27. Bg2 Ne4 28. Bxe4
Qxe4 29. Qd2 h5 30. f3 Qe7 31. e4 Qf8 32. e5 f5 33. Bf4 fxg4 34. hxg4 Kh7 35.
Rf1 Qe7 36. Bg5 Qe6 37. Rf2 Rf8 38. Rcf1 Rf7 39. Qd3 Kh8 40. Qe3 Rcf8 41. Qc3
Qe8 42. Qc5 Qc8 43. Qd6 hxg4 44. Nxg4 Bxg4 45. Qxg6 Rxf3 46. Rh2+ Rh3 47. Rxh3+
Bxh3 48. Rxf8+ Qxf8 49. Qh5+ Kg8 50. Qxh3 Qxb4 51. Qc8+ Kh7 52. Qf5+ Kg8 53.
Qc8+ Kh7 54. Qh3+ Kg6 55. Be3 Qe1+ 56. Kg2 Qe2+ 57. Kg1 Qd1+ 58. Kg2 Qc2+ 59.
Kg1 Qf5 60. Qg3+ Kf7 61. Qe1 Qg4+ 62. Kf1 Qf3+ 63. Kg1 b4 64. Bf2 Qg4+ 65. Kf1
Bf8 66. Qc1 c5 67. dxc5 Qc4+ 68. Qxc4 dxc4 69. c6 Ke6 70. Bd4 Be7 71. Ke2 b3 72.
Bc3 Ba3 73. Kd2 Ke7 74. Kd1 Kd8 75. Kd2 Kc7 76. Kd1 Kxc6 77. Kd2 Kd5 78. Kd1 Bc5
79. Kc1 Ba7 80. Kd2 Bb8 81. e6 Kxe6 82. Kc1 Kd5 83. Kd2 Kc6 84. Kc1 Kb5 85. Kb2
Bc7 {White resigns} 0-1

[Event "Team 45 45 League T93"]
[Site "Internet Chess Club"]
[Date "2022.08.15"]
[Round "5"]
[White "kabindra"]
[Black "nosir"]
[Result "1-0"]
[WhiteElo "1674"]
[BlackElo "1345"]
[Opening "Pirc: Ufimtsev-Pytel variation"]
[ECO "B07"]
[Time "15:00:35"]
[PlyCount "111"]
[TimeControl "2700+45"]

1. e4 d6 2. d4 Nf6 3. Nc3 c6 4. Nf3 Qa5 5. Bd2 Qc7 6. Bf4 Bg4 7. Be2 Bxf3 8.
Bxf3 e5 9. dxe5 dxe5 10. Bg5 Be7 11. O-O Nbd7 12. Qe2 O-O 13. Nd1 h6 14. Bh4 Bc5
15. Ne3 Bxe3 16. fxe3 Qb6 17. Bf2 Nc5 18. Qc4 Ne6 19. b4 Ng5 20. a4 Nxf3+ 21.
gxf3 Nh7 22. Qe2 Qd8 23. f4 exf4 24. exf4 Nf6 25. e5 Nd5 26. Be1 Nxb4 27. c4 Na6
28. Bf2 Nc7 29. f5 Qg5+ 30. Kh1 Qxf5 31. Bc5 Qe6 32. Bxf8 Rxf8 33. Rae1 Na6 34.
Rg1 Nc5 35. Rg4 a6 36. Reg1 g6 37. Rf4 Nd7 38. Re1 Re8 39. Re4 Nc5 40. Re3 Nxa4
41. Rf3 Nc5 42. Rf6 Qd7 43. Qe3 Qd3 44. Qxh6 Re6 45. Qf4 a5 46. Rxf7 Nd7 47. Rf1
Re8 48. e6 Rxe6 49. Rxd7 Qe4+ 50. Qxe4 Rxe4 51. Rxb7 Rxc4 52. Rd1 Rf4 53. Rd6 a4
54. Rxg6+ Kh8 55. Rxc6 Kg8 56. Ra6 {Black resigns} 1-0

[Event "Team 45 45 League T93"]
[Site "Internet Chess Club"]
[Date "2022.08.11"]
[Round "5"]
[White "room-matt"]
[Black "elmaestro"]
[Result "1-0"]
[WhiteElo "1808"]
[BlackElo "1662"]
[Opening "Sicilian: closed"]
[ECO "B23"]
[Time "15:29:35"]
[PlyCount "61"]
[TimeControl "2700+45"]

1. e4 c5 2. Nc3 d6 3. g3 Nc6 4. Bg2 Nf6 5. d3 g6 6. f4 e6 7. Nf3 Bg7 8. O-O O-O
9. Re1 a6 10. e5 dxe5 11. fxe5 Nd7 12. Bf4 Qc7 13. Qe2 Nd4 14. Nxd4 cxd4 15. Nd1
Rb8 16. c3 dxc3 17. Nxc3 b5 18. Rac1 Qa5 19. a3 Bb7 20. Bxb7 Rxb7 21. d4 Nb6 22.
Ne4 Nd5 23. Bd2 Qb6 24. Rc5 Rd7 25. Rf1 Rc7 26. b4 f6 27. Nxf6+ Nxf6 28. Rxc7
Qxc7 29. exf6 Bxf6 30. Qxe6+ Qf7 31. Rxf6 {Black resigns} 1-0

[Event "Team 45 45 League T93"]
[Site "Internet Chess Club"]
[Date "2022.08.13"]
[Round "5"]
[White "burlap"]
[Black "Electryon"]
[Result "0-1"]
[WhiteElo "1437"]
[BlackElo "1438"]
[Opening "Queen's pawn"]
[ECO "A40"]
[Time "16:00:25"]
[PlyCount "100"]
[TimeControl "2700+45"]

1. d4 e6 2. Bf4 f5 3. e3 Nf6 4. h3 b6 5. Nd2 Bb7 6. Bd3 Bd6 7. Bxd6 cxd6 8. Ngf3
Nc6 9. O-O O-O 10. Re1 e5 11. dxe5 dxe5 12. Bxf5 d5 13. c3 d4 14. exd4 exd4 15.
Nxd4 Nxd4 16. cxd4 Qxd4 17. Nc4 Qc5 18. Be6+ Kh8 19. Re5 Qc6 20. Qf3 Qxf3 21.
gxf3 Bxf3 22. Nd6 Bh5 23. Rae1 Rad8 24. Ne4 Nxe4 25. R1xe4 Bg6 26. Re1 Rd2 27.
R1e2 Rxe2 28. Rxe2 Re8 29. Bg4 Rxe2 30. Bxe2 Kg8 31. Kg2 Kf7 32. Kg3 Ke6 33. a3
Ke5 34. Kf3 Bh5+ 35. Ke3 Bxe2 36. Kxe2 Ke4 37. f3+ Kf4 38. Kf2 g5 39. Kg2 a5 40.
b4 axb4 41. axb4 b5 42. Kf2 h6 43. Kg2 h5 44. h4 gxh4 45. Kh3 Kxf3 46. Kxh4 Ke3
47. Kxh5 Kd4 48. Kg4 Kc4 49. Kf3 Kxb4 50. Ke3 Kc3 {White resigns} 0-1

[Event "Team 45 45 League T93"]
[Site "Internet Chess Club"]
[Date "2022.08.11"]
[Round "5"]
[White "clarinetref"]
[Black "jcule"]
[Result "1-0"]
[WhiteElo "1463"]
[BlackElo "1348"]
[Opening "Center game: Paulsen attack"]
[ECO "C22"]
[Time "15:05:03"]
[PlyCount "46"]
[TimeControl "2700+45"]

1. e4 e5 2. d4 exd4 3. Qxd4 Nc6 4. Qe3 Bb4+ 5. Nc3 d6 6. Bd2 Bc5 7. Qg3 g6 8.
O-O-O Be6 9. Kb1 Qd7 10. Nf3 f6 11. Nd5 O-O-O 12. Bc3 Bxd5 13. Rxd5 Qe6 14. Nd2
Ne5 15. f4 c6 16. Rxc5 dxc5 17. fxe5 fxe5 18. Bd3 Nf6 19. Qxe5 Qxe5 20. Bxe5
Rhf8 21. Nc4 Ne8 22. Bg3 Rf6 23. Bh4 Rf2 {Black resigns} 1-0

[Event "Team 45 45 League T93"]
[Site "Internet Chess Club"]
[Date "2022.08.14"]
[Round "5"]
[White "Fulmar"]
[Black "DaveTheRook"]
[Result "1/2-1/2"]
[WhiteElo "1228"]
[BlackElo "1391"]
[Opening "Robatsch (modern) defense"]
[ECO "B06"]
[Time "18:35:31"]
[PlyCount "76"]
[TimeControl "2700+45"]

1. e4 g6 2. Nc3 Bg7 3. g3 d6 4. Bg2 c6 5. Nge2 e5 6. O-O Nf6 7. d3 O-O 8. h3
Nbd7 9. Be3 Qc7 10. Qd2 Re8 11. f4 b5 12. f5 Bb7 13. g4 Nf8 14. Bg5 Qe7 15. Qc1
N8d7 16. Bh4 Qf8 17. g5 Nh5 18. f6 Bh8 19. Kh2 Nc5 20. Bf3 Nf4 21. Nxf4 exf4 22.
Qxf4 Ne6 23. Qd2 Nd4 24. Bg2 Rab8 25. Bg3 Rbd8 26. Rf2 d5 27. e5 Nf5 28. Bf4 Qc5
29. Nd1 Bc8 30. b4 Qb6 31. Ne3 Be6 32. Nxf5 Bxf5 33. Kg3 Re6 34. a4 a6 35. a5
Qa7 36. c3 Rde8 37. d4 Rc8 38. Qe3 Qd7 {Game drawn by mutual agreement} 1/2-1/2

[Event "Team 45 45 League T93"]
[Site "Internet Chess Club"]
[Date "2022.08.13"]
[Round "5"]
[White "Packerfan"]
[Black "primerpaso"]
[Result "0-1"]
[WhiteElo "1739"]
[BlackElo "1822"]
[Opening "English opening"]
[ECO "A17"]
[Time "10:06:26"]
[PlyCount "66"]
[TimeControl "2700+45"]

1. c4 Nf6 2. Nc3 e6 3. g3 d5 4. cxd5 exd5 5. d4 Bd6 6. Bg2 c6 7. Nf3 O-O 8. O-O
Re8 9. b3 Nbd7 10. Bb2 Ne4 11. Nd2 f5 12. f3 Nxc3 13. Bxc3 Qg5 14. Rc1 Nf6 15.
Re1 f4 16. e4 fxe3 17. f4 Qh6 18. Nf3 Bg4 19. Qd3 Bxf3 20. Bxf3 g5 21. f5 g4 22.
Bg2 Re7 23. Re2 Rae8 24. Rce1 Qg5 25. Bb2 Bb4 26. Rf1 h5 27. Bc1 h4 28. gxh4
Qxh4 29. Bxe3 Bd6 30. Bf4 Bxf4 31. Rxe7 Bxh2+ 32. Kh1 Bg3+ 33. Kg1 Qh2# {White
checkmated} 0-1

[Event "Team 45 45 League T93"]
[Site "Internet Chess Club"]
[Date "2022.08.14"]
[Round "5"]
[White "BuddyT"]
[Black "vollmerj"]
[Result "1-0"]
[WhiteElo "1628"]
[BlackElo "1448"]
[Opening "Grünfeld: exchange variation"]
[ECO "D85"]
[Time "20:33:41"]
[PlyCount "62"]
[TimeControl "2700+45"]

1. d4 Nf6 2. c4 g6 3. Nc3 d5 4. cxd5 Nxd5 5. Bd2 Bg7 6. e4 Nxc3 7. Bxc3 O-O 8.
Ne2 c5 9. d5 Bxc3+ 10. Nxc3 Nd7 11. Be2 a6 12. a4 Qb6 13. Qc2 Ne5 14. h3 f5 15.
f4 Nf7 16. e5 Qb4 17. O-O Qd4+ 18. Kh1 Bd7 19. e6 Bxe6 20. dxe6 Nd6 21. Rad1 Qb4
22. Nd5 Qe4 23. Nxe7+ Kg7 24. Qc3+ Kh6 25. Rxd6 Qxe2 26. Re1 Qf2 27. Qd2 Qxd2
28. Rxd2 Rfe8 29. Nd5 Rac8 30. Nf6 Re7 31. Rd7 Ree8 {Black resigns} 1-0

[Event "Team 45 45 League T93"]
[Site "Internet Chess Club"]
[Date "2022.08.14"]
[Round "5"]
[White "RD1974"]
[Black "kabindra"]
[Result "0-1"]
[WhiteElo "1566"]
[BlackElo "1720"]
[Opening "QGA: 3.e4"]
[ECO "D20"]
[Time "18:00:39"]
[PlyCount "74"]
[TimeControl "2700+45"]

1. d4 d5 2. c4 dxc4 3. e4 Nc6 4. Be3 Nf6 5. Nc3 Bg4 6. f3 Bh5 7. Bxc4 e6 8. Nge2
e5 9. d5 Ne7 10. Qa4+ c6 11. Rd1 Nd7 12. dxc6 Nxc6 13. Bb5 Qc8 14. Ng3 Bg6 15.
Nd5 Bc5 16. Ke2 Bxe3 17. Kxe3 Qd8 18. Bxc6 bxc6 19. Qxc6 Rc8 20. Qa4 O-O 21. Nc3
Qg5+ 22. Kf2 Nb6 23. Qxa7 Nc4 24. Nd5 Ra8 25. h4 Qh6 26. Qc5 Nxb2 27. Ne7+ Kh8
28. Nef5 Nxd1+ 29. Rxd1 Bxf5 30. Nxf5 Qe6 31. Rd6 Qxa2+ 32. Kg3 Rfc8 33. Qxe5 f6
34. Rxf6 Qa1 35. Nd4 Re8 36. Qd6 Rad8 37. Qc7 Qxd4 {White resigns} 0-1

[Event "Team 45 45 League T93"]
[Site "Internet Chess Club"]
[Date "2022.08.15"]
[Round "5"]
[White "jjmolina1"]
[Black "tightfist"]
[Result "1/2-1/2"]
[WhiteElo "1428"]
[BlackElo "1404"]
[Opening "French: Winawer, advance variation"]
[ECO "C18"]
[Time "10:04:37"]
[PlyCount "89"]
[TimeControl "2700+45"]

1. e4 e6 2. d4 d5 3. Nc3 Bb4 4. e5 c5 5. a3 Bxc3+ 6. bxc3 c4 7. Qg4 Kf8 8. h4 h5
9. Qf4 Nh6 10. Ne2 Nf5 11. a4 Qa5 12. Ba3+ Kg8 13. Bb4 Qd8 14. g3 Nc6 15. Bh3
Nce7 16. Qg5 Bd7 17. g4 hxg4 18. Bxg4 a5 19. Bxe7 Nxe7 20. O-O Ng6 21. Qxd8+
Rxd8 22. h5 Ne7 23. Ng3 g6 24. Kg2 Nf5 25. Kf3 Kg7 26. hxg6 fxg6 27. Bxf5 exf5
28. Rh1 Rxh1 29. Rxh1 Bxa4 30. Ra1 b5 31. Ne2 Bxc2 32. Rxa5 Be4+ 33. Ke3 Rb8 34.
f3 Bd3 35. Nf4 b4 36. Nxd3 cxd3 37. cxb4 Rxb4 38. Rxd5 Rb3 39. f4 Kf7 40. Rd7+
Kf8 41. Rd6 Kf7 42. Rd7+ Kf8 43. Rd6 Kf7 44. Rd7+ Kf8 45. Rd8+ {Game drawn by
mutual agreement} 1/2-1/2

[Event "Team 45 45 League T93"]
[Site "Internet Chess Club"]
[Date "2022.08.15"]
[Round "5"]
[White "cool64chess"]
[Black "Goli"]
[Result "1-0"]
[WhiteElo "1986"]
[BlackElo "1783"]
[Opening "Benkö gambit"]
[ECO "A57"]
[Time "14:04:38"]
[PlyCount "63"]
[TimeControl "2700+45"]

1. d4 Nf6 2. c4 c5 3. d5 b5 4. Qc2 bxc4 5. e4 d6 6. h3 g6 7. Nd2 Bg7 8. Nxc4
Nbd7 9. Nf3 Nb6 10. Rb1 Nxc4 11. Qxc4 O-O 12. Bd3 a5 13. Bf4 Ba6 14. Qc2 Bxd3
15. Qxd3 Nh5 16. Bh2 Rb8 17. e5 dxe5 18. Nxe5 Rb6 19. O-O Nf6 20. Rfd1 Ne8 21.
Nc6 Qd7 22. b3 Nd6 23. Qe3 Re8 24. Qxc5 Rb5 25. Nxe7+ Qxe7 26. Qxd6 Qe2 27. Bg3
Bf8 28. Qa6 Rc5 29. Qxe2 Rxe2 30. d6 Rxa2 31. d7 Be7 32. Bd6 {Black resigns} 1-0

[Event "Team 45 45 League T93"]
[Site "Internet Chess Club"]
[Date "2022.08.13"]
[Round "5"]
[White "cysk"]
[Black "fhunfi"]
[Result "1/2-1/2"]
[WhiteElo "1710"]
[BlackElo "1709"]
[Opening "French: advance, Paulsen attack"]
[ECO "C02"]
[Time "22:11:55"]
[PlyCount "63"]
[TimeControl "2700+45"]

1. e4 e6 2. d4 d5 3. e5 c5 4. c3 Nc6 5. Nf3 Nh6 6. Bd3 Nf5 7. O-O Nh4 8. Nxh4
Qxh4 9. Be3 Bd7 10. Nd2 cxd4 11. Nf3 Qd8 12. cxd4 Be7 13. a3 Rc8 14. Rc1 O-O 15.
Qb3 Qb6 16. Qxb6 axb6 17. Rc3 Na7 18. Rfc1 Rxc3 19. Rxc3 Rc8 20. Rxc8+ Nxc8 21.
b4 Na7 22. Kf1 Bb5 23. Ke2 Bxd3+ 24. Kxd3 Nc8 25. h3 b5 26. g4 Nb6 27. Nd2 Kf8
28. Nb1 Na4 29. Nc3 Nxc3 30. Kxc3 Ke8 31. f4 g6 32. g5 {Game drawn by mutual
agreement} 1/2-1/2

[Event "Team 45 45 League T93"]
[Site "Internet Chess Club"]
[Date "2022.08.10"]
[Round "5"]
[White "hewdondada"]
[Black "ChessMaine"]
[Result "1-0"]
[WhiteElo "1684"]
[BlackElo "1430"]
[Opening "QGD: exchange, positional line, 6.Qc2"]
[ECO "D36"]
[Time "21:01:05"]
[PlyCount "91"]
[TimeControl "2700+45"]

1. d4 d5 2. c4 e6 3. Nc3 Nf6 4. cxd5 exd5 5. Bg5 c6 6. Qc2 Be7 7. e3 O-O 8. Bxf6
Bxf6 9. b4 Bg4 10. Bd3 g6 11. h3 Be6 12. Nf3 Nd7 13. O-O Rc8 14. Na4 Qe7 15.
Rab1 Rc7 16. Rfc1 Rfc8 17. Nc5 Nxc5 18. Qxc5 b6 19. Qxe7 Bxe7 20. Ba6 Rb8 21.
Ne5 b5 22. Nxc6 Rb6 23. Nxe7+ Rxe7 24. Bc8 Re8 25. Bxe6 fxe6 26. Rc7 Ra6 27. Rb2
Rb8 28. Rbc2 Rbb6 29. g4 h6 30. h4 Ra4 31. g5 hxg5 32. hxg5 Rb8 33. Rb2 Ra6 34.
Rc3 Kf8 35. a3 Rd8 36. Rbb3 Ke8 37. Rc5 Rb6 38. Kg2 Rdd6 39. Rbc3 Ra6 40. Kg3
Kd7 41. Rc7+ Ke8 42. Kf4 Rd7 43. Rc8+ Ke7 44. Ke5 Rad6 45. Rh8 Kf7 46. Rcc8
{Black forfeits on time} 1-0

[Event "Team 45 45 League T93"]
[Site "Internet Chess Club"]
[Date "2022.08.13"]
[Round "5"]
[White "blind-warrior"]
[Black "ChessG2011"]
[Result "1-0"]
[WhiteElo "1287"]
[BlackElo "1448"]
[Opening "Queen's pawn: London system"]
[ECO "A45"]
[Time "13:00:33"]
[PlyCount "55"]
[TimeControl "2700+45"]

1. d4 Nf6 2. Bf4 g6 3. h3 Bg7 4. Nf3 O-O 5. Nbd2 d5 6. e3 Ne4 7. Nxe4 dxe4 8.
Nd2 c5 9. c3 cxd4 10. exd4 Qb6 11. Nc4 Qc6 12. Ne3 Nd7 13. Qc2 Nf6 14. Bc4 Be6
15. Bb3 Qb6 16. d5 Bd7 17. O-O Rfd8 18. Nc4 Qc5 19. Ne5 Nxd5 20. Bxd5 Qxd5 21.
Rfd1 Qe6 22. Nxd7 Rxd7 23. Rxd7 Qxd7 24. Qxe4 b6 25. Qxa8+ Bf8 26. Bh6 Qe8 27.
Qxe8 Kh8 28. Qxf8# {Black checkmated} 1-0

[Event "Team 45 45 League T93"]
[Site "Internet Chess Club"]
[Date "2022.08.13"]
[Round "5"]
[White "Gojira"]
[Black "burlap"]
[Result "1-0"]
[WhiteElo "1578"]
[BlackElo "1455"]
[Opening "Queen's pawn: Chigorin variation"]
[ECO "D00"]
[Time "09:00:55"]
[PlyCount "45"]
[TimeControl "2700+45"]

1. d4 d5 2. Nc3 c6 3. Bf4 Nf6 4. e3 Bf5 5. f3 e6 6. g4 Bg6 7. h4 h6 8. Bd3 Bxd3
9. Qxd3 Bd6 10. Nge2 Bxf4 11. Nxf4 Nbd7 12. O-O-O e5 13. Nh3 O-O 14. g5 hxg5 15.
hxg5 Nh7 16. Qf5 g6 17. Qg4 exd4 18. Rxd4 Re8 19. Qh4 Rxe3 20. Nf2 Rxf3 21.
Qxh7+ Kf8 22. Re1 Rxf2 23. Qh8# {Black checkmated} 1-0

[Event "Team 45 45 League T93"]
[Site "Internet Chess Club"]
[Date "2022.08.12"]
[Round "5"]
[White "kabindra"]
[Black "rkjulianjr"]
[Result "1-0"]
[WhiteElo "1655"]
[BlackElo "1295"]
[Opening "Bishop's opening/Petrov: Urusov gambit"]
[ECO "C24"]
[Time "12:04:21"]
[PlyCount "75"]
[TimeControl "2700+45"]

1. e4 e5 2. Bc4 Nf6 3. d4 exd4 4. Nf3 Bb4+ 5. c3 dxc3 6. bxc3 d5 7. e5 Be7 8.
exf6 Bxf6 9. Bxd5 O-O 10. O-O Bg4 11. Qb3 Bc8 12. Ba3 Be7 13. Bxe7 Qxe7 14. Re1
Qd6 15. Bxf7+ Kh8 16. Na3 b6 17. Nc4 Qf6 18. Nce5 Nd7 19. Bd5 Nc5 20. Qc4 Ba6
21. Qh4 Rad8 22. Qxf6 Rxf6 23. Nf7+ Rxf7 24. Bxf7 Bb5 25. c4 Bc6 26. Ne5 Ba4 27.
Bd5 Rf8 28. Nf7+ Kg8 29. Nd8+ Kh8 30. Ne6 Nxe6 31. Rxe6 c6 32. Bxc6 Bxc6 33.
Rxc6 h6 34. g3 Re8 35. Rd1 Kh7 36. Rc7 a5 37. Rdd7 Rg8 38. Rb7 {Black resigns}
1-0

[Event "Team 45 45 League T93"]
[Site "Internet Chess Club"]
[Date "2022.08.12"]
[Round "5"]
[White "seldredg"]
[Black "Toalla"]
[Result "0-1"]
[WhiteElo "1256"]
[BlackElo "1224"]
[Opening "Bird's opening"]
[ECO "A03"]
[Time "14:21:26"]
[PlyCount "68"]
[TimeControl "2700+45"]

1. f4 d5 2. Nf3 g6 3. g3 c6 4. Bg2 Bg7 5. O-O Qb6+ 6. d4 Nf6 7. Kh1 Ne4 8. Nbd2
f5 9. e3 O-O 10. Nxe4 dxe4 11. Ng5 h6 12. Nh3 Nd7 13. Qe1 Nf6 14. c4 c5 15. d5
e6 16. dxe6 Bxe6 17. b3 Rad8 18. Bd2 Ng4 19. Ba5 Qc6 20. Bxd8 Bxa1 21. Qxa1 Nxe3
22. Ba5 Nxf1 23. Bxf1 b6 24. Bc3 Rd8 25. Ng1 Qd7 26. Be2 Qf7 27. Bg7 Qxg7 28.
Qf1 Qb2 29. Bd1 Rd2 30. Ne2 Qxa2 31. Kg1 Qb2 32. h3 h5 33. h4 Qa1 34. Nc3 Qxc3
{White resigns} 0-1

[Event "Team 45 45 League T93"]
[Site "Internet Chess Club"]
[Date "2022.08.13"]
[Round "5"]
[White "kabubi"]
[Black "CMAlge"]
[Result "0-1"]
[WhiteElo "1114"]
[BlackElo "1246"]
[Opening "Caro-Kann defense"]
[ECO "B15"]
[Time "09:02:13"]
[PlyCount "72"]
[TimeControl "2700+45"]

1. e4 c6 2. d4 d5 3. Nc3 dxe4 4. Nxe4 Nf6 5. Bc4 Nxe4 6. Qe2 Nf6 7. Nf3 Bg4 8.
O-O Bxf3 9. Qxf3 Qxd4 10. Bb3 Qe4 11. Qd1 Qe5 12. Re1 Qc7 13. Bg5 Nbd7 14. c4
Rd8 15. Qe2 e6 16. Rad1 Bd6 17. Qd2 Nc5 18. g3 Nxb3 19. axb3 Qb6 20. Qc3 Ke7 21.
Bxf6+ gxf6 22. Rxd6 Rxd6 23. c5 Rd3 24. cxb6 Rxc3 25. bxc3 axb6 26. Ra1 Kd6 27.
Ra7 Kc7 28. f4 Rd8 29. h4 Rd5 30. Ra8 Rd3 31. Rf8 Rxg3+ 32. Kf2 Rg7 33. Ke3 Rg3+
34. Kd4 c5+ 35. Kc4 Kc6 36. Rxf7 b5# {White checkmated} 0-1

[Event "Team 45 45 League T93"]
[Site "Internet Chess Club"]
[Date "2022.08.15"]
[Round "5"]
[White "chesskix"]
[Black "BlueStorm"]
[Result "0-1"]
[WhiteElo "1395"]
[BlackElo "1567"]
[Opening "English: Mikenas-Carls variation"]
[ECO "A18"]
[Time "20:00:39"]
[PlyCount "74"]
[TimeControl "2700+45"]

1. c4 Nf6 2. Nc3 e6 3. e4 d6 4. g3 g6 5. Bg2 Bg7 6. Nge2 O-O 7. O-O c6 8. d3 e5
9. h3 Nbd7 10. Be3 Nc5 11. Qd2 Nfd7 12. b4 Ne6 13. Bh6 c5 14. Bxg7 Kxg7 15. b5
b6 16. a4 Bb7 17. Nd5 Bxd5 18. exd5 Nd4 19. Nxd4 exd4 20. Rae1 Re8 21. Re4 Rxe4
22. dxe4 Qe7 23. Re1 Re8 24. h4 f5 25. f3 Ne5 26. Kf2 Nxc4 27. Qe2 Ne3 28. Bh3
f4 29. Be6 Qf6 30. Rh1 fxg3+ 31. Kxg3 Qe5+ 32. Kf2 Rf8 33. h5 Rf4 34. h6+ Kh8
35. Rh3 Qg5 36. Ke1 Qg1+ 37. Kd2 Qa1 {White resigns} 0-1

[Event "Team 45 45 League T93"]
[Site "Internet Chess Club"]
[Date "2022.08.14"]
[Round "5"]
[White "BrerRabbit"]
[Black "OGO"]
[Result "1/2-1/2"]
[WhiteElo "1349"]
[BlackElo "1257"]
[Opening "King's Indian: fianchetto without c4"]
[ECO "A49"]
[Time "15:01:20"]
[PlyCount "51"]
[TimeControl "2700+45"]

1. d4 Nf6 2. Nf3 g6 3. g3 Bg7 4. Bg2 O-O 5. O-O Nc6 6. c4 d5 7. b3 Bf5 8. Bb2
Qd7 9. Nc3 Rad8 10. cxd5 Nxd5 11. Nxd5 Qxd5 12. Nd2 Qd7 13. Nf3 Nb4 14. Rc1 Nxa2
15. Ra1 Nb4 16. Rxa7 b6 17. Ra4 c5 18. e3 Nd3 19. Qa1 Nxb2 20. Qxb2 cxd4 21.
Nxd4 Bxd4 22. Rxd4 Qc7 23. Rfd1 Rxd4 24. Rxd4 Rd8 25. Qd2 Rxd4 26. exd4 {Game
drawn by mutual agreement} 1/2-1/2

[Event "Team 45 45 League T93"]
[Site "Internet Chess Club"]
[Date "2022.08.11"]
[Round "5"]
[White "bardu"]
[Black "Knightburgler"]
[Result "0-1"]
[WhiteElo "1202"]
[BlackElo "1168"]
[Opening "QGD: 4.Nf3"]
[ECO "D37"]
[Time "10:16:06"]
[PlyCount "52"]
[TimeControl "2700+45"]

1. d4 d5 2. c4 Nf6 3. Nc3 e6 4. Nf3 Nbd7 5. e3 Bb4 6. Qc2 c5 7. a3 Bxc3+ 8. Qxc3
Ne4 9. Qc2 O-O 10. b4 b6 11. Bd3 Ndf6 12. Ne5 Bb7 13. f3 dxc4 14. Bxe4 Nxe4 15.
fxe4 c3 16. Qxc3 Qh4+ 17. g3 Qxe4 18. Rf1 cxb4 19. Qxb4 Rad8 20. Bd2 Qg2 21.
O-O-O Rc8+ 22. Kb1 Qe4+ 23. Ka1 f6 24. Nc4 Bd5 25. Nd6 Qc2 26. Nxc8 Qa2# {White
checkmated} 0-1

[Event "Team 45 45 League T93"]
[Site "Internet Chess Club"]
[Date "2022.08.15"]
[Round "5"]
[White "PsyMar"]
[Black "tamky70"]
[Result "1-0"]
[WhiteElo "1258"]
[BlackElo "1256"]
[Opening "Modern defense: Averbakh system"]
[ECO "B07"]
[Time "13:09:14"]
[PlyCount "45"]
[TimeControl "2700+45"]

1. e4 d6 2. d4 g6 3. c4 Bg7 4. Nc3 e6 5. Nf3 Ne7 6. Be3 O-O 7. Be2 a6 8. Qd2 Kh8
9. h4 Nbc6 10. Bg5 Qd7 11. e5 dxe5 12. d5 Nf5 13. dxc6 Qxd2+ 14. Nxd2 bxc6 15.
Nde4 Nd4 16. Bd3 Rb8 17. O-O-O Bb7 18. c5 Bc8 19. h5 Kg8 20. Nf6+ Bxf6 21. Bxf6
Nf5 22. Bxe5 Rd8 23. Bxc7 {Black resigns} 1-0

[Event "Team 45 45 League T93"]
[Site "Internet Chess Club"]
[Date "2022.08.14"]
[Round "5"]
[White "NATYNL09"]
[Black "gregorgg"]
[Result "0-1"]
[WhiteElo "1170"]
[BlackElo "1434"]
[Opening "Sicilian: Smith-Morra gambit"]
[ECO "B21"]
[Time "15:01:51"]
[PlyCount "36"]
[TimeControl "2700+45"]

1. e4 c5 2. d4 cxd4 3. c3 dxc3 4. Nxc3 Nc6 5. Bf4 d6 6. Nf3 e5 7. Bg3 Nf6 8. Qa4
Bd7 9. Qb3 Be7 10. Bc4 Na5 11. Bxf7+ Kf8 12. Qa3 Kxf7 13. Ng5+ Ke8 14. b4 Nc6
15. Qb3 Rf8 16. O-O Nd4 17. Qd1 Rc8 18. Rc1 h6 {White resigns} 0-1

[Event "Team 45 45 League T93"]
[Site "Internet Chess Club"]
[Date "2022.08.14"]
[Round "5"]
[White "DaveTheRook"]
[Black "howah45"]
[Result "1/2-1/2"]
[WhiteElo "1399"]
[BlackElo "1243"]
[Opening "Réti opening"]
[ECO "A06"]
[Time "13:36:49"]
[PlyCount "50"]
[TimeControl "2700+45"]

1. Nf3 d5 2. e3 Nf6 3. b3 Bf5 4. Bb2 e6 5. Nh4 Bg6 6. Nxg6 hxg6 7. Qf3 Nbd7 8.
Nc3 Bd6 9. h3 Qe7 10. Nb5 a6 11. Nxd6+ Qxd6 12. O-O-O Ne5 13. Qg3 Nc6 14. Qxd6
cxd6 15. f3 b5 16. g4 b4 17. Kb1 a5 18. Bb5 Kd7 19. g5 Nh5 20. Rdg1 Kc7 21. Rg4
Ne5 22. Bxe5 dxe5 23. Rgg1 Rhb8 24. Ba4 Kd6 25. h4 Rc8 {Game drawn by mutual
agreement} 1/2-1/2

[Event "Team 45 45 League T93"]
[Site "Internet Chess Club"]
[Date "2022.08.15"]
[Round "5"]
[White "Alisson27"]
[Black "rhayder"]
[Result "0-1"]
[WhiteElo "887"]
[BlackElo "1065"]
[Opening "Caro-Kann: exchange variation"]
[ECO "B13"]
[Time "12:18:44"]
[PlyCount "36"]
[TimeControl "2700+45"]

1. e4 c6 2. d4 d5 3. exd5 cxd5 4. Nc3 Nc6 5. Nf3 Bf5 6. Bd3 Bxd3 7. Rf1 Bxf1 8.
Kxf1 f6 9. Bf4 e6 10. Qd3 Qb6 11. b3 Nb4 12. Qe2 Bd6 13. Qxe6+ Be7 14. Qe3 Nxc2
15. Qe2 Nxa1 16. Qd1 Nxb3 17. Nxd5 Qb5+ 18. Kg1 Qxd5 {White resigns} 0-1